 Dungeon Crawl Stone Soup version 0.17-a0-746-g953d9fb (console) character file.

163 HyperMorgan the Slasher (level 5, -1/39 HPs)
             Began as a Vampire Chaos Knight on Apr 22, 2015.
             Killed from afar by an orc wizard (5 damage)
             ... with a magic dart
             ... on level 3 of the Dungeon.
             The game lasted 00:06:37 (1277 turns).

HyperMorgan the Slasher (Vampire Chaos Knight)      Turns: 1277, Time: 00:06:37

Health: -1/39      AC:  6    Str: 10 (11) XL:     5   Next: 20%
Magic:  5/5        EV: 11    Int: 15      God:    Xom [.*....]
Gold:   103        SH:  3    Dex: 14      Spells: 0 memorised, 4 levels left

rFire  . . .     SeeInvis +     a - +0 falchion (chaos)
rCold  . . .     Clarity  .     b - +2 leather armour
rNeg   + . .     SustAb   .     n - +0 buckler
rPois  .         Gourm    .     (no helmet)
rElec  .         Spirit   .     (no cloak)
rCorr  .         Warding  +     (no gloves)
rMut   .         Stasis   .     k - +0 pair of boots
MR     +....                    d - amulet of warding
Stlth  +.........               (no ring)
                                f - ring of protection from magic

@: regenerating quickly, somewhat resistant to hostile enchantments, very
unstealthy
A: fangs 3, see invisible, unbreathing
a: Renounce Religion


You were on level 3 of the Dungeon.
You worshipped Xom.
You were a plaything of Xom.
You were very full.

You visited 1 branch of the dungeon, and saw 4 of its levels.

You collected 103 gold pieces.

Inventory:

Hand weapons
 a - a +0 falchion of chaos (weapon)
Armour
 b - a +2 leather armour (worn)
 k - a +0 pair of boots (worn)
 n - a +0 buckler (worn)
Jewellery
 d - an amulet of warding (around neck)
 f - a ring of protection from magic (left hand)
Scrolls
 e - a scroll of enchant armour {unknown}
 g - a scroll of remove curse {unknown}
 i - a scroll of recharging {unknown}
 j - a scroll of identify {unknown}
 l - a scroll of immolation {unknown}
 o - a scroll of teleportation {unknown}
Potions
 c - 3 potions of blood
 h - 4 potions of restore abilities
 m - 2 potions of degeneration


   Skills:
 - Level 2.6 Fighting
 + Level 6.0 Long Blades
 - Level 0.7 Armour
 - Level 2.1 Dodging


You had 4 spell levels left.
You didn't know any spells.

Dungeon Overview and Level Annotations

Branches:
Dungeon (4/15)
 Temple: D:4-7

Altars:
Nemelex Xobeh


Innate Abilities, Weirdness & Mutations

Your natural rate of healing is unusually fast.
You have razor-sharp teeth.
You have supernaturally acute eyesight.
You can survive without breathing.


Message History

It was a potion of restore abilities.
You feel refreshed. The orc wizard closely misses you.
You block the orc's attack.
Drink which item? (? for menu, Esc to quit)
It was a potion of degeneration.
There was something very wrong with that liquid.
You feel weakened.
Xom roars with laughter!
The orc wizard hits you but does no damage. x2
The orc hits you but does no damage.
Press: ? - help, v - describe, . - travel, g - get item
Here: an orc, wielding a dagger (moderately wounded)
A dagger.
There is something else lying underneath.
The floor.
You closely miss the orc wizard.
The orc wizard is moderately wounded.
The orc wizard points at you and mumbles some strange words.
The magic dart hits you!
You die...
Xom cackles wildly!

∙o∙▒ ▒▒▒∙ ∙∙∙▒ ▒▒∙▒▒∙▒
!∙∙▒ ∙
▒∙∙∙▒∙∙∙▒▒▒▒▒▒▒▒∙o∙▒
∙▒▒▒▒∙▒▒▒▒∙∙∙∙∙∙∙∙oo∙∙▒
▒▒∙∙▒'▒∙∙▒▒∙∙∙o▒▒▒▒∙∙∙▒
▒∙_∙'∙'∙∙∙▒∙∙▒∙▒ ▒▒▒▒
▒▒∙▒▒∙▒▒∙▒▒∙∙▒∙▒▒▒▒▒
)▒▒▒∙▒∙▒▒▒∙∙▒▒∙%V∙∙▒▒
∙∙)∙∙▒∙∙∙∙∙▒▒∙∙oo∙∙∙▒▒
∙▒▒∙▒▒▒∙∙▒▒▒∙∙∙∙∙∙∙>∙▒
∙▒▒∙∙∙∙∙∙▒ ▒∙∙∙∙∙∙∙∙∙▒
∙∙▒▒▒▒▒▒∙▒ ▒∙∙∙∙∙∙∙∙∙▒
∙∙∙%∙∙∙∙∙▒▒▒∙∙∙∙∙∙∙∙∙▒
∙▒▒▒▒▒∙∙∙∙∙∙∙∙∙∙∙∙∙∙∙▒
∙▒ ▒▒▒▒▒▒∙∙∙∙∙∙∙∙∙∙▒ ▒▒
▒▒∙∙∙∙∙∙∙∙∙▒


You could see an orc wizard and an orc.

Vanquished Creatures
  An orc priest (D:3)
  2 orc wizards (D:3)
  An adder (D:3)
  A shadow imp (D:3)
  An ooze (D:3)
  3 worms
  A giant gecko (D:1)
  5 orcs (D:3)
  8 bats
  A giant cockroach (D:1)
  2 goblins (D:1)
  4 hobgoblins
  A kobold (D:1)
  A ball python (D:1)
  2 giant newts
  2 jackals (D:1)
  7 rats
43 creatures vanquished.

Vanquished Creatures (collateral kills)
  An adder (D:2)
1 creature vanquished.

Grand Total: 44 creatures vanquished

Notes
Turn   | Place    | Note
--------------------------------------------------------------
     0 | D:1      | HyperMorgan, the Vampire Chaos Knight, began the quest for the Orb.
     0 | D:1      | Reached XP level 1. HP: 17/17 MP: 1/1
   140 | D:1      | XOM: silly message
   167 | D:1      | Reached XP level 2. HP: 23/23 MP: 2/2
   199 | D:1      | XOM: harmless Chrm miscast
   461 | D:1      | Reached skill level 4 in Long Blades
   704 | D:2      | XOM: summons friendly crimson imp
   708 | D:2      | Reached XP level 3. HP: 15/28 MP: 3/3
   991 | D:2      | You fall through a shaft for 2 floors!
  1015 | D:4      | XOM: summons 3 friendly demons
  1060 | D:3      | Reached skill level 5 in Long Blades
  1060 | D:3      | Reached XP level 4. HP: 23/34 MP: 4/4
  1148 | D:3      | Found a sparkling altar of Nemelex Xobeh.
  1268 | D:3      | Reached XP level 5. HP: 14/39 MP: 5/5
  1271 | D:3      | Reached skill level 6 in Long Blades
  1277 | D:3      | Killed from afar by an orc wizard

Action                   |  1- 3 |  4- 6 || total
-------------------------+-------+-------++-------
Melee: Falchion          |    93 |    48 ||   141
  Use: Scroll            |     1 |       ||     1
       Potion            |       |     2 ||     2
 Stab: Petrifying        |     1 |       ||     1
       Sleeping          |     1 |       ||     1
  Eat: Corpse            |     9 |     3 ||    12
